 Dungeon Crawl Stone Soup version 0.28.0-53-g5a82cb258f (webtiles) character file.

Game seed: 5848203330917135493

408 bnorton916 the Magician (level 6, 0/32 HPs)
             Began as a Deep Elf Fire Elementalist on June 14, 2022.
             Slain by a water moccasin zombie (4 damage)
             ... in an ossuary.
             The game lasted 00:04:04 (4826 turns).

bnorton916 the Magician (DEFE)                      Turns: 4826, Time: 00:04:04

Health: 0/32       AC:  2    Str:  5    XL:     6   Next: 57%
Magic:  7/17       EV: 13    Int: 28    God:
Gold:   152        SH:  0    Dex: 21    Spells: 7/17 levels left

rFire   . . .      SeeInvis .   (no weapon)
rCold   . . .      Faith    .   (no shield)
rNeg    . . .      Spirit   .   m - +0 robe {Will+}
rPois   .          Reflect  .   (no helmet)
rElec   .          Harm     .   (no cloak)
rCorr   .          Rampage  .   (no gloves)
Will    +....                   (no boots)
Stlth   ++........              (no amulet)
HPRegen 0.10/turn               b - +6 ring of dexterity
MPRegen 0.15/turn               p - +6 ring of intelligence

@: invisible
A: no striking features
a: no special abilities


You were in an ossuary.
You visited 1 branch of the dungeon, and saw 4 of its levels.
You also visited: Ossuary.

You collected 152 gold pieces.

Inventory:

Hand Weapons
 q - a +0 dagger of speed
Missiles
 f - 77 stones
 t - 6 poisoned darts
Armour
 m - a +0 robe of willpower (worn)
Jewellery
 b - a +6 ring of dexterity (left hand)
 o - a ring of protection from fire
 p - a +6 ring of intelligence (right hand)
 r - a ring of resist corrosion
Scrolls
 h - a scroll of identify
 n - a scroll of fog
Potions
 a - a potion of magic {unknown}
 c - a potion of brilliance {unknown}
 d - a potion of degeneration {unknown}
 e - a potion of invisibility
 g - 2 potions of attraction {unknown}
 i - a potion of flight {unknown}
 k - 2 potions of berserk rage {unknown}


   Skills:
 - Level 2.4 Dodging
 - Level 2.4 Stealth
 + Level 6.0 Spellcasting
 + Level 4.3 Conjurations
 + Level 5.3 Fire Magic


You had 7 spell levels left.
You knew the following spells:

 Your Spells              Type           Power      Damage    Failure   Level
a - Foxfire               Conj/Fire      100%       2x1d9     1%          1
b - Scorch                Fire           76%        2d9       1%          2
c - Conjure Flame         Conj/Fire      35%        6-21      2%          3
d - Flame Wave            Conj/Fire      35%        2d8       9%          4

Your spell library contained the following spells:

 Spells                   Type           Power      Damage    Failure   Level
 Inner Flame              Hex/Fire       23%        N/A       6%          3


Dungeon Overview and Level Annotations

Branches:
Dungeon (4/15)            Ossuary (1/1)
 Temple: D:4-7

Altars:
Elyvilon
Fedhas
Hepliaklqana
Yredelemnul

Annotations:
D:3 1 runed translucent door


Message History

* * * LOW HITPOINT WARNING * * *
Unknown command.
The water moccasin zombie bites you but does no damage.
There is an open door here.
The water moccasin zombie completely misses you.
There is an open door here.
Casting: Scorch (safe; 1% risk of failure)
Confirm with . or Enter, or press ? or * to list all spells.
Flames lash the adder zombie.
The adder zombie is severely damaged.
The adder zombie's fire resistance burns away.
The water moccasin zombie bites you.
* * * LOW HITPOINT WARNING * * *
The water moccasin zombie closely misses you.
The water moccasin zombie bites you.
* * * LOW HITPOINT WARNING * * *
The adder zombie misses you.
The water moccasin zombie completely misses you.
The adder zombie is no longer more vulnerable to fire.
There is an open door here.
It was a potion of invisibility.
You fade into invisibility!
The water moccasin zombie closely misses you.
Okay, then.
The adder zombie completely misses you.
There is an open door here.
There's a creature in the doorway!
Casting: Scorch (safe; 1% risk of failure)
Confirm with . or Enter, or press ? or * to list all spells.
Flames lash the water moccasin zombie.
The water moccasin zombie is severely damaged.
The water moccasin zombie's fire resistance burns away.
The adder zombie misses you.
Unknown command.
Casting: Scorch (safe; 1% risk of failure)
Confirm with . or Enter, or press ? or * to list all spells.
Flames lash the adder zombie.
You destroy the adder zombie!
The water moccasin zombie bites you.
You die...

#### #########
#?!!?#...#..∩#
+!$)!#.∩.'...#
#!!??#.@Z#...#
### #####...#
#...# ##'##
#...# #...#
#...# #...#
##'##


You could see a water moccasin zombie (combustible).

Vanquished Creatures
  Sigmund (D:3)
  A water moccasin zombie (Ossuary)
  A hound (D:4)
  7 adders
  6 adder zombies (Ossuary)
  5 worms (D:2)
  5 dart slugs
  3 endoplasms
  A giant cockroach (D:2)
  4 goblins
  7 hobgoblins
  2 jackals (D:2)
  9 kobolds
  2 quokkas (D:2)
  4 ball pythons
  4 bats
  2 frilled lizards
  4 gnoll zombies
  A goblin zombie (D:4)
  A hobgoblin zombie (Ossuary)
  7 orc zombies (Ossuary)
  6 rats
83 creatures vanquished.

Vanquished Creatures (others)
  388 foxfires
388 creatures vanquished.

Grand Total: 471 creatures vanquished

Notes
Turn   | Place    | Note
-------+----------+-------------------------------------------
     0 | D:1      | bnorton916 the Deep Elf Fire Elementalist began the quest
                  | for the Orb.
     0 | D:1      | Reached XP level 1. HP: 10/10 MP: 6/6
   224 | D:1      | Reached XP level 2. HP: 10/15 MP: 2/8
  1103 | D:2      | Reached XP level 3. HP: 19/19 MP: 1/10
  1427 | D:2      | Reached skill level 4 in Spellcasting
  1492 | D:2      | Reached XP level 4. HP: 4/24 MP: 9/12
  1845 | D:2      | Found a blossoming altar of Fedhas.
  2865 | D:3      | Found a white marble altar of Elyvilon.
  3082 | D:3      | Noticed Sigmund
  3088 | D:3      | Learned a level 2 spell: Scorch
  3092 | D:3      | Learned a level 3 spell: Conjure Flame
  3107 | D:3      | Killed Sigmund
  3108 | D:3      | Reached skill level 5 in Spellcasting
  3108 | D:3      | Reached skill level 5 in Fire Magic
  3108 | D:3      | Reached XP level 5. HP: 18/28 MP: 5/15
  3108 | D:3      | Reached XP level 6. HP: 20/32 MP: 5/16
  3410 | D:3      | Found a hazy altar of Hepliaklqana.
  3598 | D:3      | Found a runed translucent door.
  3598 | D:3      | Noticed a human
  3657 | D:3      | Found a basalt altar of Yredelemnul.
  4326 | D:4      | Found a sand-covered staircase.
  4335 | Ossuary  | Entered an ossuary
  4487 | Ossuary  | Learned a level 4 spell: Flame Wave
  4786 | Ossuary  | Reached skill level 6 in Spellcasting
  4826 | Ossuary  | Slain by a water moccasin zombie

Illustrated notes

Levels and vault maps discovered:
D:1:      scummos_arrival_hexagon, layout_rooms, chequers_arboretum
D:2:      layout_loops_ring, basic_altar, kennysheep_generic_room_14
D:3:      layout_basic, amcnicky_altar_gilded, old_standard_altar,
          dk_yredelemnul_ordeal, uniq_sigmund
D:4:      layout_rooms, serial_curves, eino_curves_04, eino_curves_02,
          eino_curves_02, eino_curves_01, portal_sewer_entry_e, enter_ossuary_3,
          minmay_misc_feat_cross, corexii_corridor_pit, uniq_ijyb, uniq_menkaure
Ossuary:  ossuary_tomb_2

Skill      XL: |  1  2  3  4  5  6 |
---------------+-------------------+-----
Conjurations   | 2 3 4 |  4.3
Spellcasting   | 4 5 6 |  6.0
Fire Magic     | 4 5 |  5.3
Dodging        | |  2.4
Stealth        | |  2.4

Action                   |  1- 3 |  4- 6 || total
-------------------------+-------+-------++-------
Melee: Unarmed           |     2 |       ||     2
 Cast: Foxfire           |    87 |   143 ||   230
       Conjure Flame     |       |     1 ||     1
       Scorch            |       |     7 ||     7
  Use: Scroll            |       |     4 ||     4
       Potion            |       |     1 ||     1
Armor: Robe              |     1 |     8 ||     9
Dodge: Dodged            |     3 |    37 ||    40
